 Dungeon Crawl Stone Soup version 0.18.1-5-g4a78601 (webtiles) character file.

163256 st0uf the Spry (level 17, -14/151 HPs)
             Began as a Purple Draconian Berserker on May 8, 2016.
             Was the Champion of Trog.
             Killed from afar by Nikola (15 damage)
             ... with a chain lightning
             ... on level 2 of the Spider Nest on May 11, 2016.
             The game lasted 04:26:08 (38949 turns).

st0uf the Spry (Purple Draconian Berserker)        Turns: 38949, Time: 04:26:09

Health: -14/151    AC: 16    Str: 23      XL:     17   Next: 23%
Magic:  14/18      EV: 23    Int: 15 (16) God:    Trog [******]
Gold:   593        SH: 18    Dex:  9      Spells: 0 memorised, 16 levels left

rFire  + + +     SeeInvis +     P - +7 quick blade
rCold  + . .     Gourm    .     (armour unavailable)
rNeg   . . .     Faith    .     x - +2 shield of Watchfulness {rPois Str-2 Int+8 Dex-2 Slay+4}
rPois  +         Spirit   .     n - +2 hat {MR+}
rElec  .         Dismiss  .     (no cloak)
rCorr  .         Reflect  +     u - +3 pair of gloves of the Oligarchy {rC+ MR+ Regen+ Dex-4}
SustAt .         Harm     .     v - +0 pair of boots "Cuwisse" {rF++}
MR     +++++                    o - +3 amulet of reflection
Stlth  +++.......               a - ring of see invisible
                                W - ring of Awokap {rF+ EV+5 Dex+3}

@: very slightly contaminated, regenerating, hasted, studying Short Blades,
invisible, very quick, almost entirely resistant to hostile enchantments, fairly
stealthy
A: breathe power, unfitting armour, stinger 1, cold-blooded, AC +9
a: Breathe Dispelling Energy, Berserk, Trog's Hand, Brothers in Arms, Burn
Spellbooks, Renounce Religion


You were on level 2 of the Spider Nest.
You worshipped Trog.
Trog was exalted by your worship.
You were not hungry.

You visited 5 branches of the dungeon, and saw 29 of its levels.
You also visited: Labyrinth and Ice Cave.

You collected 2755 gold pieces.
You spent 2162 gold pieces at shops.

Inventory:

Hand Weapons
 f - a +2 double sword of holy wrath
 g - a +5 antimagic rapier
 l - a +2 antimagic falchion
 q - the +1 falchion of Okawaru's Supremacy {flame, +Blink rF+ Int+4 Stlth-}
   (You bought it in a shop on level 2 of the Orcish Mines)

   It has been specially enchanted to burn those struck by it, causing extra
   injury to most foes and up to half again as much damage against particularly
   susceptible opponents.
   Big, fiery blades are also staple armaments of hydra-hunters.
   It affects your intelligence (+4).
   It protects you from fire.
   It lets you blink.
   It makes you less stealthy.
 A - a +1 falchion of freezing
 K - a +4 scimitar of flaming
 L - a +4 antimagic demon trident
 P - a +7 quick blade (weapon)
 Q - a +0 long sword of electrocution
Armour
 n - a +2 hat of magic resistance (worn)
 u - the +3 pair of gloves of the Oligarchy (worn) {rC+ MR+ Regen+ Dex-4}
   (You bought it in a shop on level 2 of the Orcish Mines)

   It affects your dexterity (-4).
   It protects you from cold.
   It affects your resistance to hostile enchantments.
   It increases your rate of regeneration.
 v - the +0 pair of boots "Cuwisse" (worn) {rF++}
   (You bought it in a shop on level 2 of the Orcish Mines)

   It greatly protects you from fire.
 x - the +2 shield of Watchfulness (worn) {rPois Str-2 Int+8 Dex-2 Slay+4}
   (You found it on level 4 of the Dungeon)

   It affects your strength (-2).
   It affects your intelligence (+8).
   It affects your dexterity (-2).
   It affects your accuracy and damage with ranged weapons and melee attacks
   (+4).
   It protects you from poison.
Jewellery
 a - a ring of see invisible (right hand)
 c - an uncursed ring of resist corrosion
 o - a +3 amulet of reflection (around neck)
 w - an uncursed ring of flight
 y - an uncursed ring of stealth {unknown}
 z - an uncursed ring of protection from fire
 M - an uncursed ring of positive energy
 U - a +5 ring of strength
 W - the ring of Awokap (left hand) {rF+ EV+5 Dex+3}
   (You bought it in a shop on level 6 of the Dungeon)

   [ring of evasion]

   It affects your evasion (+5).
   It affects your dexterity (+3).
   It protects you from fire.
Wands
 h - a wand of polymorph (12/24)
 p - a wand of iceblast (5/15)
 J - a wand of flame (28/48)
 R - a wand of slowing (38/48)
 X - a wand of heal wounds (0/9)
Scrolls
 d - 8 scrolls of teleportation
 e - 18 scrolls of remove curse
 i - 3 scrolls of fog
 B - 4 scrolls of magic mapping
 D - 2 scrolls of identify
 I - 2 scrolls of fear
 O - 2 scrolls of blinking
 S - a scroll of recharging
Potions
 j - 15 potions of curing
 k - 3 potions of ambrosia
 m - 3 potions of cure mutation
 s - a potion of resistance
 t - a potion of might
 E - 4 potions of haste
 F - 2 potions of invisibility
 G - 4 potions of agility
 H - 3 potions of heal wounds
Books
 C - a manual of Short Blades
Miscellaneous
 T - a box of beasts
Comestibles
 b - 13 bread rations
 r - 2 meat rations
 N - 3 chunks of flesh


   Skills:
 + Level 13.7 Fighting
 + Level 11.8(14.2) Short Blades
 + Level 13.5(15.1) Long Blades
 + Level 15.7 Dodging
 + Level 9.2 Stealth
 + Level 14.8 Shields
 + Level 1.4 Evocations


You had 16 spell levels left.
You didn't know any spells.

Dungeon Overview and Level Annotations

Branches:
Dungeon (14/15) Temple (0/1) D:7 Lair (8/8) D:10 Shoals (0/4) Lair:5 Spider (3/4) Lair:4 Slime (0/6) Lair:8 Orc (2/2) D:11 Elf (2/3) Orc:2 Vaults (0/5) D:12 D:13

Altars:
Ashenzari
Cheibriados
Elyvilon
Kikubaaqudgha
Okawaru
Pakellas
Qazlal
Ru
Sif Muna
Vehumet
Yredelemnul

Shops:
D:5 *   D:6 *((==   D:12 =   Orc:2 =[*(   Elf:1 (   Elf:2 [

Annotations:
D:5 exclusion: 3 killer bees
D:12 exclusion: 2 downstairs
Spider:2 Nikola
Spider:3 Arachne


Innate Abilities, Weirdness & Mutations

You can breathe bolts of dispelling energy.
Your rich purple scales are hard (AC +9).
Your body does not fit into most forms of armour.
You are cold-blooded and may be slowed by cold attacks.
Your tail ends in a poisonous barb.


Message History

You feel much better.
Your hill giant hits Nikola with a giant club!!
You puncture Nikola!
Nikola is heavily wounded.
You barely miss Nikola.
Nikola is heavily wounded.
You puncture Nikola!
Nikola is severely wounded.
You hit Nikola.
Nikola is severely wounded.
Nikola raves, "Can you feel it? Can you feel it?
CAN YOU FEEL IT?"
Nikola gestures wildly while chanting.
You hear a mighty clap of thunder!
The lightning arc hits you!
* * * LOW HITPOINT WARNING * * *
The lightning arc hits Nikola.
The lightning arc hits you!
* * * LOW HITPOINT WARNING * * *
The lightning arc hits Nikola.
Nikola appears unharmed.
The lightning arc hits you!
You die...

#..........#.###........
#......######.##........
#......##.....##........
#......#.(.....##.......
##.....#.......###......
#....##........##......
###..##C>........##...##
#.......@........####.##
##.....@.......@..# #.##
###.............## #.##
#.............# #..#
##............#####..#
#.....##......##..#...
#.....####...#.......#
##......####..##.#.....
#..^.....###.###.##....
#.........##.# #.###...


You could see Nikola and a friendly hill giant (berserk).

Vanquished Creatures
  Kirke (D:12)
  Agnes (Elf:1)
  Gastronok (Lair:3)
  A frost giant (IceCv)
  A ghost moth (Spider:2)
  2 emperor scorpions
  A deep elf elementalist (Elf:1)
  A stone giant (Orc:2)
  2 deep elf demonologists
  A deep elf death mage (Elf:2)
  Snorg (D:11)
  Erolcha (D:9)
  3 ettins (Orc:2)
  Josephine (D:11)
  A minotaur (Lab)
  A deep elf high priest (Elf:1)
  6 hydras
  A catoblepas (Lair:8)
  Erica (Lair:1)
  A queen ant (Lair:4)
  A tengu warrior (D:11)
  26 dancing weapons
  Urug (Lair:2)
  15 deep elf knights
  An unseen horror (D:12)
  The ghost of Kilrog the Covert, a novice KoMo of Dithmenos (D:7)
  4 hill giants
  5 orc knights
  8 orb spiders
  2 ugly things
  5 deep elf archers (Elf:2)
  3 manticores (D:11)
  35 deep elf magi
  13 wolf spiders
  A hornet (Spider:1)
  2 griffons
  8 cyclopes
  3 moths of wrath
  A siren (Lair:5)
  3 elephants (Lair:4)
  3 black mambas
  An ice statue (IceCv)
  A molten gargoyle (Lair:3)
  13 spiny frogs
  A gargoyle (D:11)
  9 demonic crawlers
  A rime drake (Lair:7)
  16 komodo dragons
  9 jumping spiders
  A queen bee (Lair:1)
  22 polar bears
  7 trolls
  A spriggan druid (Lair:7)
  A two-headed ogre (shapeshifter) (D:9)
  2 two-headed ogres
  5 boulder beetles
  22 blink frogs
  3 water elementals
  45 redbacks
  An air elemental (Orc:2)
  11 spriggans
  2 hill giant zombies (D:11)
  4 humans (D:12)
  54 yaks
  A wyvern (Lair:7)
  A fire elemental (Elf:2)
  5 wraiths
  21 tarantellas
  2 hogs (D:12)
  Grum (Lair:1)
  2 hungry ghosts
  A vampire mosquito (D:12)
  18 hippogriffs
  A basilisk (Lair:1)
  3 wargs
  16 water moccasins
  5 soldier ants (Lair:4)
  10 porcupines
  18 orc warriors
  7 wasps
  2 ice beasts
  A necrophage (D:9)
  A sky beast (D:9)
  2 phantoms (D:11)
  6 black bears
  39 wolves
  6 centaurs
  6 ogres
  17 crocodiles
  2 big kobolds
  A gnoll sergeant (D:10)
  2 earth elementals (Elf:2)
  A wyvern zombie (D:10)
  14 giant frogs
  8 scorpions
  34 killer bees
  2 water moccasin skeletons
  3 wights (D:10)
  4 howler monkeys
  5 electric eels
  A crimson imp (D:6)
  A quasit (D:11)
  3 giant frog zombies
  A centaur skeleton (Lab)
  6 jellies
  12 hounds
  9 orc priests
  A giant frog skeleton (D:5)
  11 iguanas
  Natasha (thrice) (D:4)
  11 orc wizards
  25 worker ants
  14 hell rats (Lair:4)
  7 sheep (Lair:6)
  4 ogre zombies (D:11)
  An ogre skeleton (Lab)
  2 hound zombies
  5 gnolls (D:10)
  A howler monkey skeleton (D:7)
  49 river rats
  16 adders
  3 oozes
  An adder zombie (D:6)
  3 adder skeletons
  6 worms
  3 giant geckos
  70 orcs
  13 bats
  2 giant cockroaches (D:3)
  14 goblins
  6 hobgoblins
  4 jackals (D:2)
  18 kobolds
  7 quokkas
  A ball python (D:2)
  A giant gecko zombie (D:5)
  6 giant newts
  2 goblin zombies (D:11)
  2 hobgoblin zombies (D:11)
  A jackal zombie (D:9)
  4 orc skeletons (D:11)
  9 orc zombies (D:11)
  A quokka skeleton (D:8)
  A quokka zombie (D:7)
  21 rats
  5 plants (Lair:2)
1057 creatures vanquished.

Vanquished Creatures (collateral kills)
  An ugly thing (D:11)
  2 orc zombies (D:11)
3 creatures vanquished.

Vanquished Creatures (others)
  A deep elf knight (Elf:2)
  2 deep elf archers
  A cyclops (Orc:2)
  3 wolf spiders (Spider:3)
  A jumping spider (Spider:2)
  A tarantella (Spider:3)
  2 humans (D:12)
  A butterfly (Lair:8)
  17 fungi
  4 plants
33 creatures vanquished.

Grand Total: 1093 creatures vanquished

Notes
Turn   | Place    | Note
--------------------------------------------------------------
     0 | D:1      | st0uf the Draconian Berserker began the quest for the Orb.
     0 | D:1      | Reached XP level 1. HP: 19/19 MP: 1/1
     6 | D:1      | Noticed an ettin
     6 | D:1      | Noticed a soldier ant
     6 | D:1      | Noticed a basilisk
   449 | D:1      | Reached XP level 2. HP: 21/26 MP: 2/2
   659 | D:1      | Reached skill level 3 in Dodging
  1103 | D:2      | Found a faded altar to an unknown god.
  1112 | D:2      | Reached XP level 3. HP: 33/33 MP: 3/3
  1121 | D:2      | Reached ** piety under Trog
  1523 | D:2      | Found a deep blue altar of Sif Muna.
  1878 | D:2      | Reached XP level 4. HP: 40/40 MP: 4/4
  2977 | D:3      | Reached XP level 5. HP: 46/46 MP: 5/5
  2990 | D:3      | Reached skill level 4 in Dodging
  3235 | D:3      | Reached *** piety under Trog
  3644 | D:4      | Noticed Natasha
  3653 | D:4      | Killed Natasha
  3677 | D:4      | Noticed Natasha
  3701 | D:4      | Killed Natasha
  3701 | D:4      | Reached XP level 6. HP: 8/53 MP: 6/6
  3765 | D:4      | Noticed Natasha
  3774 | D:4      | Killed Natasha
  4019 | D:4      | Found a sacrificial altar of Ru.
  4085 | D:4      | Reached skill level 5 in Dodging
  4182 | D:4      | Got a fine shield
  4189 | D:4      | Identified the +2 shield of Watchfulness {rPois Str-2 Int+8 Dex-2 Slay+4} (You found it on level 4 of the Dungeon)
  4705 | D:4      | Found a snail-covered altar of Cheibriados.
  4705 | D:4      | Found a white marble altar of Elyvilon.
  4706 | D:4      | Found an ancient bone altar of Kikubaaqudgha.
  4746 | D:5      | Entered Level 5 of the Dungeon
  4851 | D:5      | Found Lagailuc's Assorted Antiques.
  5054 | D:5      | Bought a scroll labeled VICEBO QELA for 25 gold pieces
  5054 | D:5      | Bought a scroll labeled TIAL ANAOST for 25 gold pieces
  5054 | D:5      | Bought a scroll labeled ECWYXO ATIB for 25 gold pieces
  5104 | D:5      | Reached skill level 1 in Shields
  5215 | D:5      | Your scales start taking on a rich purple colour.
  5215 | D:5      | Reached XP level 7. HP: 60/60 MP: 7/7
  5346 | D:5      | Found a radiant altar of Vehumet.
  5346 | D:5      | Found an oddly glowing altar of Pakellas.
  5440 | D:5      | Reached skill level 1 in Stealth
  5684 | D:6      | Found Biwug's Antique Weapon Emporium.
  5687 | D:6      | Bought a runed long sword for 94 gold pieces
  5695 | D:6      | Found Beozyax's Jewellery Shop.
  5744 | D:6      | Found Malemodo's Jewellery Emporium.
  5785 | D:6      | Found an iron altar of Okawaru.
  5838 | D:6      | Reached skill level 5 in Long Blades
  5857 | D:6      | Found Pyahos's Weapon Shoppe.
  5917 | D:6      | Found a shattered altar of Ashenzari.
  5987 | D:6      | Reached **** piety under Trog
  5996 | D:6      | Reached skill level 5 in Fighting
  6072 | D:6      | Reached skill level 6 in Dodging
  6151 | D:6      | Reached XP level 8. HP: 63/68 MP: 8/8
  6166 | D:6      | Found a stormy altar of Qazlal.
  6309 | D:6      | Found Peugg's Assorted Antiques.
  6317 | D:6      | Bought a scroll labeled VICEBO QELA for 27 gold pieces
  6518 | D:7      | Identified the Tome of Lightness and Ice (You found it on level 7 of the Dungeon)
  6587 | D:7      | Noticed Kilrog's ghost (novice KoMo)
  6680 | D:7      | Killed Kilrog's ghost
  6680 | D:7      | Reached skill level 7 in Dodging
  7014 | D:7      | Reached XP level 9. HP: 62/75 MP: 9/9
  7026 | D:7      | Found a staircase to the Ecumenical Temple.
  7294 | D:7      | Got a warped quarterstaff
  7295 | D:7      | Identified the +9 quarterstaff "Kiynn" {pain, rN+} (You found it on level 7 of the Dungeon)
  7954 | D:8      | Reached ***** piety under Trog
  8277 | D:8      | Reached skill level 5 in Shields
  8650 | D:9      | Noticed Erolcha
  8662 | D:9      | Killed Erolcha
  8662 | D:9      | Reached skill level 8 in Dodging
  8697 | D:9      | Noticed a harpy
  8697 | D:9      | an eye of draining changed into a harpy
  8704 | D:9      | a harpy changed into a two-headed ogre
  8708 | D:9      | Received a gift from Trog
  8972 | D:9      | Reached XP level 10. HP: 73/84 MP: 10/10
  9298 | D:9      | Reached skill level 1 in Short Blades
  9605 | D:10     | Entered Level 10 of the Dungeon
  9847 | D:10     | Noticed a hill giant
  9860 | D:10     | Killed a hill giant
  9860 | D:10     | Reached skill level 9 in Dodging
 10345 | D:10     | Found a staircase to the Lair.
 10887 | D:10     | Noticed a hill giant
 10916 | D:10     | Killed a hill giant
 11687 | D:11     | Noticed a green ugly thing
 11698 | D:11     | Found a labyrinth entrance.
 11704 | Lab      | Entered a labyrinth
 12178 | Lab      | Noticed a minotaur
 12192 | Lab      | Killed a minotaur
 12192 | Lab      | Reached XP level 11. HP: 51/94 MP: 11/11
 12486 | D:11     | Found a staircase to the Orcish Mines.
 12836 | D:11     | Killed a green ugly thing
 12937 | D:11     | Noticed Snorg
 12952 | D:11     | Killed Snorg
 12952 | D:11     | Reached skill level 10 in Dodging
 13204 | D:11     | Noticed a tengu warrior
 13291 | D:11     | Killed a tengu warrior
 13573 | D:11     | Noticed a six-headed hydra
 13583 | D:11     | Killed a ten-headed hydra
 13583 | D:11     | Reached skill level 10 in Long Blades
 13843 | Orc:1    | Entered Level 1 of the Orcish Mines
 13967 | Orc:1    | Noticed an orc knight
 13970 | Orc:1    | Noticed Josephine
 14019 | D:11     | Killed an orc knight
 14197 | D:11     | Killed Josephine
 14197 | D:11     | Reached XP level 12. HP: 72/104 MP: 12/12
 14579 | D:6      | Bought a faintly glowing large shield for 256 gold pieces
 14579 | D:6      | Identified the +0 large shield "Lyah" {rPois MP+9} (You bought it in a shop on level 6 of the Dungeon)
 14627 | D:6      | Bought an uncursed ring of see invisible for 150 gold pieces
 15280 | Lair:1   | Entered Level 1 of the Lair of Beasts
 15422 | D:6      | Bought a glowing falchion for 81 gold pieces
 15609 | Lair:1   | Reached skill level 11 in Dodging
 15667 | Lair:1   | Noticed Erica
 15673 | Lair:1   | Killed Erica
 15726 | Lair:1   | Noticed Grum
 15738 | Lair:1   | Killed Grum
 16020 | Lair:1   | Reached skill level 10 in Shields
 16223 | Lair:1   | Received a gift from Trog
 16341 | Lair:1   | Reached skill level 5 in Stealth
 17099 | Lair:2   | Noticed a four-headed hydra
 17106 | Lair:2   | Killed a one-headed hydra
 17268 | Lair:2   | Noticed Urug
 17282 | Lair:2   | Killed Urug
 17517 | Lair:2   | Found a sacrificial altar of Ru.
 18164 | Lair:2   | Reached XP level 13. HP: 95/113 MP: 13/13
 18648 | Lair:3   | Reached skill level 10 in Fighting
 18880 | Lair:3   | Reached skill level 12 in Dodging
 19208 | Lair:3   | Noticed Gastronok
 19248 | Lair:3   | Killed Gastronok
 20102 | Lair:4   | Reached ****** piety under Trog
 20601 | Lair:4   | Received a gift from Trog
 20708 | Lair:4   | Found a hole to the Spider Nest.
 21108 | Lair:4   | Found a basalt altar of Yredelemnul.
 21344 | Lair:4   | Received a gift from Trog
 21984 | Lair:5   | Found a staircase to the Shoals.
 22680 | Lair:6   | Reached XP level 14. HP: 108/122 MP: 14/14
 23057 | Lair:1   | Upgraded the game from 0.18.1-2-ga659475 to 0.18.1-5-g4a78601
 23403 | Lair:6   | Received a gift from Trog
 24714 | Lair:8   | Entered Level 8 of the Lair of Beasts
 24719 | Lair:8   | Found a staircase to the Slime Pits.
 25348 | Lair:7   | Reached skill level 13 in Dodging
 25983 | Lair:8   | Received a gift from Trog
 27707 | Orc:2    | Entered Level 2 of the Orcish Mines
 27806 | Orc:2    | Found Miuppoyc's General Store.
 27836 | Orc:2    | Received a gift from Trog
 27962 | Orc:2    | Found Tyuniz's Antique Weapon Boutique.
 28006 | Orc:2    | Bought an iridescent falchion for 280 gold pieces
 28006 | Orc:2    | Identified the +1 falchion of Okawaru's Supremacy {flame, +Blink rF+ Int+4 Stlth-} (You bought it in a shop on level 2 of the Orcish Mines)
 28011 | Orc:2    | Found a staircase to the Elven Halls.
 28017 | Orc:2    | Noticed a stone giant
 28052 | Orc:2    | Killed a stone giant
 28220 | Orc:2    | Bought a scroll of identify for 28 gold pieces
 28359 | Orc:2    | Found Yserink's Antique Armour Shoppe.
 28486 | Orc:2    | Bought a pair of polished gloves for 209 gold pieces
 28486 | Orc:2    | Bought a pair of faintly glowing boots for 209 gold pieces
 28496 | Orc:2    | Identified the +0 pair of boots "Cuwisse" {rF++} (You bought it in a shop on level 2 of the Orcish Mines)
 28506 | Orc:2    | Identified the +3 pair of gloves of the Oligarchy {rC+ MR+ Regen+ Dex-4} (You bought it in a shop on level 2 of the Orcish Mines)
 28743 | Orc:2    | Found Lareilul's Jewellery Emporium.
 28768 | Orc:2    | Reached XP level 15. HP: 126/132 MP: 15/15
 29383 | D:12     | Found Ryemir's Jewellery Shoppe.
 29465 | D:12     | Noticed Kirke
 29486 | D:12     | Killed Kirke
 29486 | D:12     | Reached skill level 5 in Short Blades
 29753 | D:12     | Found a frozen archway.
 29768 | IceCv    | Entered an ice cave
 30031 | IceCv    | Received a gift from Trog
 30245 | IceCv    | Noticed a frost giant
 30271 | IceCv    | Killed a frost giant
 30866 | D:12     | Received a gift from Trog
 30872 | D:12     | Got a wavering platinum ring
 31191 | D:13     | Found a gate to the Vaults.
 31467 | D:6      | Bought the ring of Awokap {rF+ EV+5 Dex+3} for 753 gold pieces
 31471 | D:6      | Identified the ring "Tuocirei" {Fire *Corrode rElec Slay-5 SInv} (You took it off an orc on level 12 of the Dungeon)
 31702 | Elf:1    | Entered Level 1 of the Elven Halls
 31727 | Elf:1    | Reached skill level 14 in Dodging
 31872 | Elf:1    | Found Loanaenk's Weapon Shoppe.
 32028 | Elf:1    | Reached skill level 1 in Evocations
 32192 | Elf:1    | Noticed Agnes
 32198 | Elf:1    | Killed Agnes
 32659 | Elf:1    | Noticed a Tzitzimitl
 33269 | Elf:1    | Gained mutation: Your tail ends in a poisonous barb. [potion of beneficial mutation]
 33286 | Elf:2    | Received a gift from Trog
 33427 | Elf:2    | Reached XP level 16. HP: 141/141 MP: 16/16
 34106 | Elf:2    | Found Itausexe's Antique Armour Shoppe.
 34196 | Elf:2    | Found a runed gate.
 34196 | Elf:2    | Found a runed gate.
 34196 | Elf:2    | Found a runed gate.
 34498 | Elf:2    | Reached skill level 10 in Short Blades
 35070 | Elf:2    | Reached skill level 15 in Dodging
 35673 | Spider:1 | Entered Level 1 of the Spider Nest
 35860 | Spider:1 | Received a gift from Trog
 37512 | Spider:2 | Reached XP level 17. HP: 148/150 MP: 18/18
 38309 | Spider:3 | Received a gift from Trog
 38719 | Spider:3 | Noticed Arachne
 38878 | Spider:3 | Noticed Nikola
 38949 | Spider:2 | HP: 1/151 [Nikola/chain lightning (20)]
 38949 | Spider:2 | Killed from afar by Nikola

Skill      XL: |  1  2  3  4  5  6  7  8  9 10 11 12 13 14 15 16 |
---------------+-------------------------------------------------+-----
Dodging        | 3 4 5 6 7 8 9 10 11 12 13 14 15 | 15.7
Fighting       | 4 5 6 8 9 10 11 12 13 | 13.7
Long Blades    | 4 5 6 7 8 10 11 12 13 | 13.5
Shields        | 1 3 4 6 7 9 10 11 12 13 14 | 14.8
Stealth        | 1 2 3 4 5 6 7 8 9 |  9.2
Short Blades   | 1 4 8 11 | 11.8
Evocations     | 1 |  1.4

Action                   |  1- 3 |  4- 6 |  7- 9 | 10-12 | 13-15 | 16-18 || total
-------------------------+-------+-------+-------+-------+-------+-------++-------
Melee: Falchion          |   125 |   316 |     5 |     9 |    18 |       ||   473
       Tailslap          |    14 |    37 |    40 |   138 |   361 |   212 ||   802
       Long sword        |       |       |   235 |   645 |   153 |       ||  1033
       Quick blade       |       |       |    22 |     8 |  1092 |   665 ||  1787
       Scimitar          |       |       |       |   119 |   757 |   100 ||   976
       Double sword      |       |       |       |       |    68 |       ||    68
       Rapier            |       |       |       |       |       |   350 ||   350
Invok: Berserk           |       |     2 |     1 |       |     2 |     1 ||     6
       Brothers in Arms  |       |       |       |     1 |       |     2 ||     3
       Burn Spellbooks   |       |       |       |     1 |       |       ||     1
       Trog's Hand       |       |       |       |       |     1 |     2 ||     3
 Abil: Breathe Dispellin |       |       |     1 |     2 |     2 |     4 ||     9
       Evoke Flight      |       |       |       |     1 |     1 |       ||     2
Evoke: Wand              |       |       |       |       |     1 |     2 ||     3
  Use: Scroll            |       |     1 |     1 |    15 |    20 |     2 ||    39
       Potion            |       |       |       |     3 |     4 |     4 ||    11
 Stab: Sleeping          |       |       |     4 |     8 |    33 |     6 ||    51
       Invisible         |       |       |       |     1 |     5 |       ||     6
       Distracted        |       |       |       |     2 |     7 |       ||     9
       Held in net/web   |       |       |       |       |       |     1 ||     1
  Eat: Chunk             |     3 |    10 |    12 |    27 |    53 |    16 ||   121
       Royal jelly       |       |     1 |       |       |       |       ||     1
       Beef jerky        |       |       |     1 |     1 |       |     2 ||     4
       Meat ration       |       |       |     1 |       |       |       ||     1
       Fruit             |       |       |       |     1 |       |     1 ||     2
Armor: Skin              |    34 |    91 |    57 |   118 |   154 |    76 ||   530
Dodge: Dodged            |    62 |   169 |    70 |   240 |   402 |   275 ||  1218
Block: Other             |     1 |    20 |       |       |       |       ||    21
       Shield            |       |    35 |   172 |   580 |   972 |   491 ||  2250
       Reflection        |       |       |     6 |    12 |    28 |    31 ||    77
